 Dungeon Crawl Stone Soup version 0.17.1-1-g73c8601 (webtiles) character file.

126161 xeno23 the Devastator (level 16, -15/87 HPs)
             Began as a Deep Elf Fire Elementalist on Jan 2, 2016.
             Was a High Priest of Vehumet.
             Demolished by Norris
             ... wielding a cursed +1 dire flail of freezing
              (18 damage)
             ... on level 13 of the Dungeon on Jan 3, 2016.
             The game lasted 02:53:27 (25989 turns).

xeno23 the Devastator (Deep Elf Fire Elementalist) Turns: 25989, Time: 02:53:28

Health: -15/87     AC:  8    Str: 11    XL:     16   Next: 43%
Magic:  7/35       EV: 24    Int: 38    God:    Vehumet [*****.]
Gold:   701        SH:  0    Dex: 21    Spells: 10 memorised, 3 levels left

rFire  + . .     SeeInvis +     Z - +8 great sword "Boulleid" {slice, Int+3 Dex+3}
rCold  x . .     Clarity  +     Y - +2 robe "Mikloffi" {-Tele rElec Int+5 Dex+3}
rNeg   . . .     SustAt   .     (shield currently unavailable)
rPois  .         Gourm    .     b - +2 hat {SInv}
rElec  +         Spirit   .     D - +0 cloak
rCorr  .         Warding  .     Q - +0 pair of gloves
rMut   .         NoTele   +     v - +0 pair of boots
MR     +....                    V - amulet "Roinio Ujyx" {+Rage Str+5}
Stlth  ++........               i - ring of fire
                                N - +5 ring of intelligence

@: delayed fireball, somewhat resistant to hostile enchantments, unstealthy
A: horns 1, talons 1, berserk 1, blurry vision 1, clarity, deformed body, frail
1, weak 1
a: Renounce Religion, Release Delayed Fireball, Evoke Berserk Rage


You were on level 13 of the Dungeon.
You worshipped Vehumet.
Vehumet was extremely pleased with you.
You were hungry.

You visited 4 branches of the dungeon, and saw 26 of its levels.
You also visited: Trove, Bailey and Volcano.

You collected 2498 gold pieces.
You spent 1797 gold pieces at shops.

Inventory:

Hand Weapons
 k - a +1 demon trident of flaming
 r - a +6 double sword
 B - a +2 mace of protection
 Z - the +8 great sword "Boulleid" (weapon) {slice, Int+3 Dex+3}
   (You found it on level 3 of the Lair of Beasts)

   It inflicts extra damage upon your enemies.
   It affects your intelligence (+3).
   It affects your dexterity (+3).
Missiles
 e - 6 javelins (quivered)
Armour
 b - a +2 hat of see invisible (worn)
 g - a +1 leather armour of poison resistance
 v - a +0 pair of boots (worn)
 D - a +0 cloak (worn)
 Q - a +0 pair of gloves (worn)
 U - a +2 leather armour of fire resistance
 Y - the +2 robe "Mikloffi" (worn) {-Tele rElec Int+5 Dex+3}
   (You bought it in a shop on level 4 of the Orcish Mines)

   It affects your intelligence (+5).
   It affects your dexterity (+3).
   It insulates you from electricity.
   It prevents most forms of teleportation.
Magical Staves
 y - an uncursed staff of wizardry
Jewellery
 i - a ring of fire (right hand)
 o - an uncursed ring of flight
 N - a +5 ring of intelligence (left hand)
 T - the ring of the Dozen Ghosts {MR+ Stlth+}
   (You found it in a treasure trove)

   [ring of stealth]

   It affects your resistance to hostile enchantments.
   It makes you more stealthy.
 V - the amulet "Roinio Ujyx" (around neck) {+Rage Str+5}
   (You found it in a treasure trove)

   [amulet of rage]

   It affects your strength (+5).
   It lets you go berserk.
Wands
 L - a wand of draining (12)
 W - a wand of fire (5)
Scrolls
 a - 2 scrolls of magic mapping
 d - 16 scrolls of remove curse
 m - 7 scrolls of fog
 q - 3 scrolls of recharging
 E - 3 scrolls of amnesia
 G - 4 scrolls of teleportation
 J - 4 scrolls of blinking
 K - a scroll of torment {unknown}
 M - a scroll of vulnerability {unknown}
 O - 6 scrolls of fear
 P - 2 scrolls of noise
 R - 2 scrolls of enchant weapon
 X - a scroll of summoning
Potions
 f - 5 potions of might
 h - 5 potions of magic
 n - a potion of cancellation
 t - 4 potions of brilliance
 u - 5 potions of resistance
 w - 5 potions of agility
 x - 5 potions of heal wounds
 z - 3 potions of haste
 A - 16 potions of curing
 F - 2 potions of invisibility
Books
 C - a book of Annihilations

   Spells                             Type                      Level
   a - Poison Arrow                   Conjuration/Poison           6
   b - Chain Lightning                Conjuration/Air              8
   c - Lehudib's Crystal Spear        Conjuration/Earth            8
   d - Glaciate                       Conjuration/Ice              9
   e - Fire Storm                     Conjuration/Fire             9
Comestibles
 l - 4 meat rations
 p - 22 fruits
 H - 8 beef jerkies
 I - 9 bread rations
 S - 8 royal jellies


   Skills:
 + Level 10.0 Fighting
 + Level 12.5 Dodging
 - Level 2.4 Stealth
 + Level 13.8 Spellcasting
 * Level 15.6 Conjurations
 - Level 4.3 Charms
 - Level 4.3 Necromancy
 * Level 15.5 Fire Magic
 - Level 2.0 Air Magic


You had 3 spell levels left.
You knew the following spells:

 Your Spells              Type           Power        Failure   Level  Hunger
a - Flame Tongue          Conj/Fire      #####        0%          1    None
b - Mephitic Cloud        Conj/Pois/Air  ######..     1%          3    None
c - Bolt of Magma         Conj/Fire/Erth ########..   1%          5    None
d - Conjure Flame         Conj/Fire      ########     0%          3    None
e - Regeneration          Chrm/Necr      ######....   1%          3    None
q - Fireball              Conj/Fire      ########..   1%          5    None
s - Sticky Flame          Conj/Fire      ########     1%          4    None
v - Delayed Fireball      Conj/Fire      N/A          1%          7    ####...
w - Bolt of Fire          Conj/Fire      ########..   1%          6    ##.....
x - Orb of Destruction    Conj           #######...   1%          7    ####...


Dungeon Overview and Level Annotations

Branches:
Dungeon (13/15)            Temple (1/1) D:6            Lair (8/8) D:10
 Shoals (0/4) Lair:4        Snake (0/4) Lair:6        Slime (0/6) Lair:8
    Orc (4/4) D:12            Elf (0/3) Orc:4
 Vaults: D:13-14

Altars:
Ashenzari
Cheibriados
Dithmenos
Elyvilon
Fedhas
Gozag
Kikubaaqudgha
Makhleb
Nemelex Xobeh
Okawaru
Qazlal
Ru
Sif Muna
Trog
Vehumet
Xom
Yredelemnul
Zin
The Shining One
Jiyva

Shops:
D:10 :??   Orc:3 *   Orc:4 [(%!

Annotations:
D:13 Norris


Innate Abilities, Weirdness & Mutations

You have a pair of small horns on your head.
You have sharp toenails.
You tend to lose your temper in combat.
Scrolls take you a little longer to read.
You possess an exceptional clarity of mind.
Armour fits poorly on your strangely shaped body.
You are frail (-10% HP).
You are weak. (Str -2)


Message History

Norris freezes you.
* * * LOW HITPOINT WARNING * * *
You take 27 damage.
Drink which item? (? for menu, Esc to quit)
You feel much better.
Norris burns!
Norris mumbles some strange prayers to his god against you.
You feel momentarily confused.
Casting: Orb of Destruction
Confirm with . or Enter, or press ? or * to list all spells.
Aiming: Orb of Destruction
Press: ? - help, Shift-Dir - straight line, f/p - Norris
Aim: Norris, wielding a dire flail of freezing (severely wounded, covered in liquid flames)
The wavering orb of destruction weakly hits Norris.
Norris is almost dead.
You are feeling hungry.
Norris burns!
Norris hits you with a dire flail of freezing!!
* * * LOW HITPOINT WARNING * * *
Norris freezes you!!
You die...

..# #.#####.######
#.# #.........)...
# #.#
#.#####†###### #.
#.# #.# #.#
#..###.###.#####†#
#.....()†)().(...#
#......†)..#######
######)##### #@#
#@# #.# #†# #.#
#†# ..# #.# ...


You could see Norris (burning).

Vanquished Creatures
  Rupert (Lair:4)
  Donald (D:13)
  Maud (D:12)
  An orc warlord (Orc:1)
  Josephine (Orc:2)
  Harold (Orc:1)
  6 hydras
  A catoblepas (Lair:6)
  3 death yaks (Lair:8)
  Urug (D:12)
  13 spriggans (Lair:8)
  5 orc high priests (Orc:4)
  A fire crab (Lair:5)
  3 hill giants
  9 orc knights
  Pikel (D:9)
  3 orc sorcerers
  An ugly thing (D:11)
  A siren (Lair:4)
  24 elephants
  3 black mambas
  A gargoyle (Volcano)
  A molten gargoyle (Volcano)
  6 spiny frogs
  A torpor snail (Lair:6)
  A kobold demonologist (D:12)
  9 komodo dragons
  A freezing wraith (D:11)
  A queen bee (D:11)
  A spriggan druid (Lair:8)
  4 trolls
  12 polar bears
  4 fire drakes
  Grinder (D:5)
  Prince Ribbit (D:9)
  23 blink frogs
  3 two-headed ogres
  5 deep elf magi
  A wyvern (D:9)
  A shadow (D:11)
  A redback (Lair:8)
  4 wraiths (Orc:2)
  Eustachio (D:6)
  15 humans (D:13)
  5 hippogriffs
  2 fire elementals (Volcano)
  8 vampire mosquitoes (Lair:1)
  2 hungry ghosts
  3 basilisks
  An insubstantial wisp (Lair:1)
  18 water moccasins
  55 yaks
  A warg (Orc:1)
  A mottled dragon (D:12)
  23 wolves
  2 phantoms (D:8)
  49 orc warriors
  7 porcupines
  4 black bears (Lair:8)
  A necrophage (D:12)
  9 ogres
  The ghost of Yermak the Skirmisher, an amateur FoWn of Elyvilon (D:3)
  An ice beast (D:11)
  3 wasps (Lair:8)
  9 centaurs
  3 sky beasts
  12 crocodiles
  A big kobold (D:13)
  19 giant frogs
  4 scorpions
  2 water moccasin zombies
  6 wights
  2 electric eels (Lair:6)
  4 crimson imps
  21 killer bees
  2 centaur zombies
  A giant frog zombie (D:6)
  6 hounds
  2 jellies (D:11)
  6 centaur skeletons
  A giant frog skeleton (D:12)
  A quasit (D:11)
  40 orc priests
  7 iguanas
  6 worker ants
  24 orc wizards
  3 worker ant zombies
  65 river rats
  5 adders
  17 gnolls
  3 shadow imps
  An adder skeleton (D:7)
  An adder zombie (D:7)
  2 worms
  6 giant geckos
  210 orcs
  2 ball pythons
  4 giant cockroaches
  8 goblins
  16 hobgoblins
  11 jackals
  15 kobolds
  7 quokkas
  5 bats
  2 giant gecko skeletons
  3 giant newts
  A quokka zombie (D:5)
  14 rats
  3 bushes
  A butterfly (Lair:5)
  2 fungi
  9 plants
970 creatures vanquished.

Vanquished Creatures (others)
  A water moccasin (Lair:5)
  A slave (D:9)
  A centaur (D:9)
  A giant frog (D:9)
  A giant gecko (D:9)
  A butterfly (Lair:5)
  21 fungi
  9 plants
36 creatures vanquished.

Grand Total: 1006 creatures vanquished

Notes
Turn   | Place    | Note
--------------------------------------------------------------
     0 | D:1      | xeno23 the Deep Elf Fire Elementalist began the quest for the Orb.
     0 | D:1      | Reached XP level 1. HP: 10/10 MP: 6/6
   232 | D:1      | Reached XP level 2. HP: 9/15 MP: 4/8
   622 | D:2      | Found a shadowy altar of Dithmenos.
   757 | D:2      | Reached XP level 3. HP: 19/19 MP: 5/9
   768 | D:2      | Found an iron altar of Okawaru.
   790 | D:2      | Reached skill level 4 in Fire Magic
   867 | D:2      | Learned a level 3 spell: Conjure Flame
   884 | D:2      | Found a snail-covered altar of Cheibriados.
  1254 | D:3      | Noticed Yermak's ghost (amateur FoWn)
  1726 | D:3      | Found a deep blue altar of Sif Muna.
  1846 | D:3      | Killed Yermak's ghost
  1846 | D:3      | Reached XP level 4. HP: 24/24 MP: 0/10
  1852 | D:3      | Learned a level 4 spell: Sticky Flame
  2145 | D:3      | Reached XP level 5. HP: 28/28 MP: 11/11
  2167 | D:3      | Reached skill level 5 in Fire Magic
  2249 | D:3      | Found a shimmering altar of Xom.
  2489 | D:4      | Found an opulent altar of Gozag.
  2507 | D:4      | Found a basalt altar of Yredelemnul.
  2580 | D:4      | Found a shattered altar of Ashenzari.
  2739 | D:4      | Noticed an ogre
  2754 | D:4      | Killed an ogre
  2754 | D:4      | Reached XP level 6. HP: 32/32 MP: 9/14
  2921 | D:4      | Found a white marble altar of Elyvilon.
  2922 | D:4      | Found a bloodstained altar of Trog.
  2942 | D:4      | Found a stormy altar of Qazlal.
  2945 | D:4      | Found an iron altar of Okawaru.
  3171 | D:5      | Entered Level 5 of the Dungeon
  3193 | D:5      | Noticed Grinder
  3236 | D:5      | Killed Grinder
  3236 | D:5      | Reached skill level 5 in Conjurations
  3236 | D:5      | Reached skill level 6 in Fire Magic
  3277 | D:5      | Reached XP level 7. HP: 32/36 MP: 5/15
  4083 | D:6      | Found a staircase to the Ecumenical Temple.
  4094 | Temple   | Entered the Ecumenical Temple
  4124 | D:6      | Reached skill level 7 in Fire Magic
  4663 | D:6      | Noticed Eustachio
  4677 | D:6      | Killed Eustachio
  4677 | D:6      | Reached XP level 8. HP: 18/41 MP: 6/16
  4938 | D:7      | Learned a level 5 spell: Fireball
  4946 | D:7      | Got a warped ring mail
  4957 | D:7      | Identified the +1 ring mail "Xiwil" {rC++ Int+2 Dex-3 Slay+3} (You found it on level 7 of the Dungeon)
  4976 | D:7      | Found a radiant altar of Vehumet.
  4982 | D:7      | Became a worshipper of Vehumet
  5309 | D:7      | Reached skill level 8 in Fire Magic
  5975 | D:8      | Reached skill level 9 in Fire Magic
  6007 | D:8      | Found a deep blue altar of Sif Muna.
  6064 | D:8      | Reached * piety under Vehumet
  6064 | D:8      | Offered knowledge of Shock by Vehumet.
  6125 | D:8      | Reached XP level 9. HP: 30/45 MP: 1/17
  6439 | D:8      | Reached skill level 10 in Fire Magic
  6840 | D:9      | Noticed Pikel
  6848 | D:9      | Killed Pikel
  6848 | D:9      | Reached skill level 10 in Conjurations
  6966 | D:9      | Reached skill level 1 in Fighting
  7138 | D:9      | Reached skill level 5 in Spellcasting
  7422 | D:9      | HP: 2/48 [wyvern (7)]
  7434 | D:9      | Noticed Prince Ribbit
  7737 | D:9      | Reached XP level 10. HP: 55/55 MP: 5/20
  7877 | D:9      | Killed Prince Ribbit
  7969 | D:10     | Entered Level 10 of the Dungeon
  7969 | D:10     | Found Nyane's Magic Scroll Emporium.
  7975 | D:10     | Bought a scroll of teleportation for 51 gold pieces
  7975 | D:10     | Bought a scroll of noise for 17 gold pieces
  7978 | D:10     | Offered knowledge of Sting by Vehumet.
  7978 | D:10     | Reached ** piety under Vehumet
  8178 | D:10     | Found Nuecwap's Book Shop.
  8279 | D:10     | Reached skill level 5 in Dodging
  8427 | D:10     | Found Peminys's Magic Scroll Shoppe.
  8435 | D:10     | Bought a scroll of fog for 34 gold pieces
  8435 | D:10     | Bought a scroll of blinking for 127 gold pieces
  8435 | D:10     | Bought a scroll of random uselessness for 17 gold pieces
  8513 | D:10     | Reached skill level 5 in Fighting
  8823 | D:10     | Reached skill level 11 in Fire Magic
  9111 | D:10     | Offered knowledge of Mephitic Cloud by Vehumet.
  9120 | D:10     | Found a staircase to the Lair.
  9127 | D:10     | Learned a level 3 spell: Mephitic Cloud
  9180 | Lair:1   | Entered Level 1 of the Lair of Beasts
  9243 | Lair:1   | Learned a level 5 spell: Bolt of Magma
  9274 | Lair:1   | Reached skill level 1 in Air Magic
  9285 | Lair:1   | Reached XP level 11. HP: 20/64 MP: 11/23
  9697 | Lair:1   | Reached *** piety under Vehumet
  9849 | Lair:1   | Noticed a black mamba
  9852 | Lair:1   | Killed a black mamba
 10285 | Lair:1   | Learned a level 3 spell: Regeneration
 10438 | Lair:2   | Reached skill level 1 in Charms
 10617 | Lair:2   | Reached skill level 1 in Necromancy
 10814 | Lair:2   | Got a translucent rapier
 10815 | Lair:2   | Identified the cursed +0 rapier of Iconoclasm {antimagic, rElec rC++ Str+3} (You found it on level 2 of the Lair of Beasts)
 10893 | Lair:2   | Offered knowledge of Throw Icicle by Vehumet.
 11205 | Lair:2   | Got a warped lajatang
 11206 | Lair:2   | Identified the cursed +3 lajatang "Neody" {slice, rF+ rC+ Int+3 Dex-5} (You found it on level 2 of the Lair of Beasts)
 11940 | Lair:3   | Noticed a seven-headed hydra
 11942 | Lair:3   | Noticed a seven-headed hydra
 12290 | Lair:3   | Reached **** piety under Vehumet
 12290 | Lair:3   | Reached XP level 12. HP: 46/71 MP: 10/26
 12341 | Lair:3   | Got a translucent great sword
 12343 | Lair:3   | Identified the +8 great sword "Boulleid" {slice, Int+3 Dex+3} (You found it on level 3 of the Lair of Beasts)
 12519 | Lair:3   | Offered knowledge of Iskenderun's Battlesphere by Vehumet.
 12679 | Lair:3   | Killed a seven-headed hydra
 12778 | Lair:3   | Killed a seven-headed hydra
 13431 | Lair:4   | Reached skill level 12 in Conjurations
 13442 | Lair:4   | Noticed Rupert
 13443 | Lair:4   | Paralysed by Rupert for 2 turns
 13618 | Lair:4   | Reached skill level 10 in Spellcasting
 13663 | Lair:4   | Learned a level 7 spell: Orb of Destruction
 13906 | Lair:4   | Found a staircase to the Shoals.
 13986 | Lair:4   | Gained mutation: Armour fits poorly on your strangely shaped body. [potion of mutation]
 13986 | Lair:4   | Gained mutation: Scrolls take you a little longer to read. [potion of mutation]
 14456 | Lair:4   | Killed Rupert
 14571 | Lair:5   | Noticed a six-headed hydra
 14575 | Lair:5   | Killed a six-headed hydra
 14684 | Lair:5   | Reached XP level 13. HP: 78/78 MP: 14/29
 14701 | Lair:5   | Reached ***** piety under Vehumet
 14868 | Lair:5   | Offered knowledge of Conjure Ball Lightning by Vehumet.
 15624 | Lair:5   | Reached skill level 10 in Dodging
 16204 | Lair:6   | Reached skill level 13 in Conjurations
 16545 | Lair:6   | Found a staircase to the Snake Pit.
 17250 | Lair:7   | Offered knowledge of Delayed Fireball by Vehumet.
 17274 | Lair:7   | Learned a level 7 spell: Delayed Fireball
 17474 | Lair:8   | Entered Level 8 of the Lair of Beasts
 18100 | Lair:8   | Reached XP level 14. HP: 86/86 MP: 20/32
 18464 | Lair:8   | Got a wizard robe
 18481 | Lair:8   | Identified the +1 robe "Faum" {MP+9} (You took it off a spriggan on level 8 of the Lair of Beasts)
 19121 | Lair:8   | Offered knowledge of Lightning Bolt by Vehumet.
 19197 | Lair:8   | Reached skill level 14 in Conjurations
 19228 | Lair:8   | Found a viscous altar of Jiyva.
 19229 | Lair:8   | Found a staircase to the Slime Pits.
 19999 | D:10     | Bought a scroll of fear for 59 gold pieces
 19999 | D:10     | Bought a scroll of fear for 59 gold pieces
 20043 | D:10     | Bought a scroll of acquirement for 884 gold pieces
 20091 | D:11     | Found a bloodstained altar of Trog.
 20107 | D:11     | Found a glowing golden altar of the Shining One.
 20644 | D:11     | Found a portal to a secret trove of treasure.
 20666 | Trove    | Entered a treasure trove
 20684 | Trove    | Got a crude steel amulet
 20686 | Trove    | Identified the amulet "Roinio Ujyx" {+Rage Str+5} (You found it in a treasure trove)
 20762 | Trove    | Got a warped copper ring
 20764 | Trove    | Identified the ring of the Dozen Ghosts {MR+ Stlth+} (You found it in a treasure trove)
 21156 | D:12     | Gained mutation: You possess an exceptional clarity of mind. [potion of mutation]
 21156 | D:12     | Gained mutation: You are frail (-10% HP). [potion of mutation]
 21156 | D:12     | Gained mutation: You have sharp toenails. [potion of mutation]
 21179 | D:12     | Noticed Maud
 21222 | D:12     | Noticed Urug
 21222 | D:12     | Found a flagged portal.
 21226 | D:12     | Killed Urug
 21247 | Bailey   | Entered a bailey
 21875 | D:12     | Killed Maud
 21998 | D:12     | Found a staircase to the Orcish Mines.
 22270 | Orc:1    | Entered Level 1 of the Orcish Mines
 22270 | Orc:1    | Noticed Harold
 22276 | Orc:1    | Killed Harold
 22442 | Orc:1    | Noticed an orc warlord
 22454 | Orc:1    | Killed an orc warlord
 22823 | Orc:2    | Noticed Josephine
 22825 | Orc:2    | Killed Josephine
 23470 | Orc:3    | Reached XP level 15. HP: 77/81 MP: 22/34
 23573 | Orc:3    | Found Seammawi's General Store.
 23589 | Orc:3    | Bought a potion of curing for 45 gold pieces
 24061 | Orc:4    | Entered Level 4 of the Orcish Mines
 24067 | Orc:4    | Found a staircase to the Elven Halls.
 24168 | Orc:4    | Offered knowledge of Freezing Cloud by Vehumet.
 24209 | Orc:4    | Found a dark tunnel.
 24219 | Volcano  | Entered a volcano
 25124 | Orc:4    | Reached skill level 15 in Conjurations
 25130 | Orc:4    | Reached skill level 15 in Fire Magic
 25331 | Orc:4    | Offered knowledge of Bolt of Fire by Vehumet.
 25525 | Orc:4    | Found Miuhu's Distillery.
 25525 | Orc:4    | Found Nosoagepp's Antique Armour Emporium.
 25526 | Orc:4    | Found Kinlusot's Food Shoppe.
 25526 | Orc:4    | Found Saug's Weapon Emporium.
 25542 | Orc:4    | Bought a potion of mutation for 27 gold pieces
 25543 | Orc:4    | Gained mutation: You are weak. (Str -2) [potion of mutation]
 25543 | Orc:4    | Gained mutation: You tend to lose your temper in combat. [potion of mutation]
 25543 | Orc:4    | Gained mutation: You have a pair of small horns on your head. [potion of mutation]
 25547 | Orc:4    | Bought a smoking robe for 114 gold pieces
 25557 | Orc:4    | Identified the +2 robe "Mikloffi" {-Tele rElec Int+5 Dex+3} (You bought it in a shop on level 4 of the Orcish Mines)
 25564 | Orc:4    | Learned a level 6 spell: Bolt of Fire
 25652 | Orc:4    | Bought a potion of magic for 88 gold pieces
 25652 | Orc:4    | Bought a potion of brilliance for 44 gold pieces
 25652 | Orc:4    | Bought a potion of haste for 110 gold pieces
 25652 | Orc:4    | Bought a potion of agility for 44 gold pieces
 25652 | Orc:4    | Bought a potion of brilliance for 44 gold pieces
 25652 | Orc:4    | Bought a potion of curing for 33 gold pieces
 25654 | Orc:4    | Reached XP level 16. HP: 87/87 MP: 35/35
 25928 | D:13     | Reached skill level 10 in Fighting
 25973 | D:13     | Noticed Donald
 25974 | D:13     | Noticed Norris
 25984 | D:13     | Killed Donald
 25987 | D:13     | HP: 3/87 [Norris/dire flail of freezing (4)]
 25989 | D:13     | Demolished by Norris

Action                   |  1- 3 |  4- 6 |  7- 9 | 10-12 | 13-15 | 16-18 || total
-------------------------+-------+-------+-------+-------+-------+-------++-------
Melee: Mace              |    14 |       |       |       |       |       ||    14
       Spear             |    56 |    55 |   122 |    99 |       |       ||   332
       Trident           |       |     4 |       |       |       |       ||     4
       Lajatang          |       |       |       |    30 |       |       ||    30
       Staff             |       |       |       |     6 |       |       ||     6
       Great sword       |       |       |       |    28 |   431 |    14 ||   473
Throw: Stone             |    10 |     1 |     7 |     3 |       |       ||    21
       Javelin           |       |       |       |       |     1 |       ||     1
 Cast: Flame Tongue      |    56 |    44 |   138 |   203 |   164 |     4 ||   609
       Conjure Flame     |     4 |     3 |     5 |     7 |     1 |       ||    20
       Sticky Flame      |       |       |    12 |    42 |    75 |     2 ||   131
       Fireball          |       |       |    13 |    55 |   161 |     9 ||   238
       Bolt of Magma     |       |       |       |    29 |    55 |       ||    84
       Regeneration      |       |       |       |     6 |    28 |       ||    34
       Orb of Destructio |       |       |       |     5 |    46 |     2 ||    53
       Delayed Fireball  |       |       |       |       |     2 |       ||     2
       Bolt of Fire      |       |       |       |       |       |    10 ||    10
 Abil: Release Delayed F |       |       |       |       |     1 |       ||     1
Evoke: Wand              |       |       |       |     1 |     1 |       ||     2
  Use: Scroll            |     3 |       |     6 |    13 |    11 |     2 ||    35
       Potion            |       |       |       |     4 |     3 |     2 ||     9
 Stab: Sleeping          |     3 |     2 |     3 |     2 |     4 |       ||    14
       Paralysed         |       |     3 |       |       |       |       ||     3
       Distracted        |       |       |       |     1 |       |       ||     1
  Eat: Chunk             |     3 |     5 |    16 |    36 |    60 |     1 ||   121
       Beef jerky        |       |       |     1 |     1 |       |       ||     2
       Pizza             |       |       |     1 |     1 |       |       ||     2
       Meat ration       |       |       |       |     2 |       |       ||     2
